 Dungeon Crawl Stone Soup version 0.31-a0-795-g5eb97db20b (webtiles) character file.

Game seed: 7467446526366051559

144 Maratek the Ducker (level 5, -3/36 HPs)
             Began as an Octopode Fighter on Sept 18, 2023.
             Was an Initiate of Ashenzari.
             Slain by a sky beast (5 damage)
             ... on level 6 of the Dungeon.
             The game lasted 00:04:50 (2104 turns).

Maratek the Ducker (Octopode Fighter)               Turns: 2104, Time: 00:04:52

Health: -3/36      AC:  5    Str: 24    XL:     5   Next: 26%
Magic:  5/5        EV: 13    Int: 10    God:    Ashenzari [......]
Gold:   117        SH:  4    Dex: 11    Spells: 4/4 levels left

rFire   . . .        f - +2 whip of the Unyielding Gaze {elec, Comp, Alch} (curse)
rCold   . . .        b - +0 buckler
rNeg    . . .        (helmet restricted)
rPois   .            d - amulet of regeneration
rElec   .            m - +6 ring of strength
rCorr   .            s - +4 ring of protection
SInv    .            (no ring)
Will    .....        (no ring)
Stlth   +++          (no ring)
HPRegen 1.06/turn    (no ring)
MPRegen 0.09/turn    (no ring)
                     (no ring)

%: no passive effects
@: no status effects
A: almost no armour, amphibious, 8 rings, camouflage 1, gelatinous body 1,
(nimble swimmer 1), tentacles
a: Renounce Religion, Curse Item, Shatter the Chains


You were on level 6 of the Dungeon.
You worshipped Ashenzari.
Ashenzari was noncommittal.
You visited 1 branch of the dungeon, and saw 5 of its levels.

You collected 147 gold pieces.
You spent 30 gold pieces at shops.

Inventory:

Hand Weapons
 f - the cursed +2 whip of the Unyielding Gaze (weapon) {elec, Comp, Alch}
   (You took it off a kobold on level 1 of the Dungeon)

   It has a curse which improves the following skills: Companions: Summonings
   and Necromancy.
   Alchemy:   Poison Magic and Transmutations.
Armour
 b - a +0 buckler (worn)
Jewellery
 d - an amulet of regeneration (around mantle)
 m - a +6 ring of strength (left tentacle)
 s - a +4 ring of protection (right tentacle)
Scrolls
 e - 3 scrolls of identify {unknown}
 g - a scroll of noise {unknown}
 i - a scroll of immolation {unknown}
 k - a scroll of blinking {unknown}
 t - a scroll of revelation {unknown}
 u - a scroll of enchant weapon {unknown}
 v - a scroll of fog {unknown}
Potions
 a - a potion of invisibility {unknown}
 c - 2 potions of might
 h - 2 potions of haste {unknown}
 j - a potion of enlightenment {unknown}
 l - 2 potions of degeneration {unknown}
 n - 3 potions of brilliance {unknown}
 o - a potion of attraction {unknown}
 p - 2 potions of curing
 q - a potion of ambrosia {unknown}
 r - a potion of lignification {unknown}


   Skills:
 + Level 3.5 Fighting
 + Level 2.5(2.9) Axes
 + Level 1.8(2.5) Maces & Flails
 + Level 3.6 Dodging
 + Level 2.8 Stealth
 + Level 3.5 Shields


You had 4 spell levels left.
You didn't know any spells.
Your spell library contained the following spells:

 Spells                   Type           Power      Damage    Failure   Level
 Foxfire                  Conj/Fire      0%         2x1d4     41%         1
 Freeze                   Ice            0%         1d3       41%         1
 Frozen Ramparts          Ice            0%         1d1       80%         3
 Hailstorm                Conj/Ice       0%         3d3       80%         3
 Plasma Beam              Fire/Air       0%         2x1d10    100%        6
 Starburst                Conj/Fire      0%         6d3       100%        6


Dungeon Overview and Level Annotations

Branches:
Dungeon (4/15)             Temple (0/1) D:6

Altars:
Ashenzari

Shops:
D:3 =!


Innate Abilities, Weirdness & Mutations

You cannot wear most types of armour.
You are amphibious.
You can wear up to eight rings at the same time.
Your skin changes colour to match your surroundings (Stealth+).
Your rubbery body absorbs attacks. (AC +1, EV +1)
((You are camouflaged when in or above water. (Stealth+)))
You have tentacles for arms and can constrict up to eight enemies at once.


Message History

The sky beast is lightly wounded.
The sky beast barely misses you.
You miss the sky beast.
The sky beast is lightly wounded.
The sky beast hits you but does no damage.
You closely miss the sky beast.
The sky beast is lightly wounded.
The sky beast flickers out of sight!
Deactivating autopickup; reactivate with Ctrl-A.
Something barely misses you.
No target in view!
No target in view!
No target in view!
No target in view!
You hit something. Your squeeze misses something. Something hits you.
Something shocks you.
You barely miss something. Something hits you but does no damage.
You barely miss something. Something hits you. Something shocks you.
You miss something. You squeeze something.
Something hits you but does no damage.
You miss something. Something hits you but does no damage.
You miss something. Something hits you but does no damage.
You closely miss something. Your squeeze misses something. Something hits you.
Something shocks you.
You hit something. You squeeze something. Something hits you.
Something shocks you.
* * * LOW HITPOINT WARNING * * *
You miss something. Your squeeze misses something.
A sky beast appears from thin air!
Reactivating autopickup.
The sky beast hits you. The sky beast shocks you.
* * * LOW HITPOINT WARNING * * *
You closely miss the sky beast.
The sky beast is almost dead.
The sky beast flickers out of sight!
Deactivating autopickup; reactivate with Ctrl-A.
Something hits you.
* * * LOW HITPOINT WARNING * * *
Something shocks you.
You die...

...............
...............
...............
...............
$..............
...............
..........{.......
..........@.......
..................
..................
..................
...........$.)..... .
.............>......
.
..........)...:.....
#
.....................
#
.....................


There were no monsters in sight!

Vanquished Creatures
  Terence (D:2)
  6 adders
  A worm (D:3)
  3 dart slugs
  An orc (D:3)
  7 ball pythons
  10 endoplasms
  A giant cockroach (D:2)
  4 goblins
  5 quokkas
  5 bats
  5 frilled lizards
  8 kobolds
  2 rats
59 creatures vanquished.

Notes
Turn   | Place    | Note
-------+----------+-------------------------------------------
     0 | D:1      | Maratek the Octopode Fighter began the quest for the Orb.
     0 | D:1      | Reached XP level 1. HP: 16/16 MP: 1/1
    74 | D:1      | Reached XP level 2. HP: 21/21 MP: 2/2
   737 | D:2      | Reached XP level 3. HP: 26/26 MP: 3/3
   804 | D:2      | Noticed Terence
   811 | D:2      | Killed Terence
   812 | D:2      | Reached skill level 1 in Stealth
   812 | D:2      | Reached XP level 4. HP: 15/31 MP: 4/4
   926 | D:2      | Reached skill level 1 in Maces & Flails
  1132 | D:2      | Found a faded altar of an unknown god.
  1154 | D:2      | Prayed at the altar of an unknown god.
  1154 | D:2      | Became a worshipper of Ashenzari the Shackled
  1566 | D:3      | Found Kiugol Hiy's Distillery.
  1594 | D:3      | Bought a potion of curing for 30 gold pieces
  1615 | D:3      | Found Befimon's Jewellery Emporium.
  1777 | D:3      | Reached XP level 5. HP: 36/36 MP: 5/5
  2005 | D:4      | You fall into a shaft and drop 2 floors!
  2074 | D:6      | Found a staircase to the Ecumenical Temple.
  2086 | D:6      | Noticed a sky beast
  2104 | D:6      | Slain by a sky beast

Illustrated notes

Levels and vault maps discovered:
D:1:      giann_horns, layout_basic, kennysheep_decorative_pillar
D:2:      layout_loops_ring, shapermc_ecumenical_altar_venn,
          kennysheep_cross_bottleneck, st_stairs_1, serial_park_tiny_pond,
          uniq_terence
D:3:      layout_rooms, serial_shops, shop, shop
D:4:      layout_rooms, serial_shops, nicolae_shop_back_alley_shop,
          uniq_blork_the_orc
D:6:      layout_basic, vehumet_crystals, minmay_temple_entry_offerings,
          uniq_eustachio, uniq_grinder

Skill      XL: |  1  2  3  4 |
---------------+-------------+-----
Stealth        | 1 2 |  2.8
Maces & Flails | 1 |  1.8
Fighting       | |  3.5
Axes           | |  2.5
Dodging        | |  3.6
Shields        | |  3.5

Action                     |  1- 3 |  4- 6 || total
---------------------------+-------+-------++-------
  Melee: War axe           |     6 |       ||     6
         Whip              |    44 |    67 ||   111
         Tentacles         |     7 |    14 ||    21
         Constrict         |    11 |    12 ||    23
         Punch             |       |     1 ||     1
 Invoke: Curse Item        |       |     1 ||     1
   Stab: Sleeping          |     4 |    10 ||    14
 Armour: Skin              |    18 |    24 ||    42
  Dodge: Dodged            |    26 |    26 ||    52
  Block: Buckler           |     8 |    12 ||    20

Table legend: (Time is in decaauts)
 A = Elapsed time spent in this place.
 B = Non-inter-level travel time spent in this place.
 C = Inter-level travel time spent in this place.
 D = Time resting spent in this place.
 E = Time spent auto-exploring this place.
 F = Levels seen in this place.
 G = Mean time per level.
                   A        B        C        D        E       F      G
               +--------+--------+--------+--------+--------+-----+--------+
         Total |   2108 |   2008 |    100 |      0 |   1589 |   5 |  421.6 |
       Dungeon |   2108 |   2008 |    100 |      0 |   1589 |   5 |  421.6 |
               +--------+--------+--------+--------+--------+-----+--------+

Top non-repeatable levels by time:
     D:2: 886 daAuts
     D:1: 632 daAuts
     D:3: 440 daAuts
     D:6: 98 daAuts
     D:4: 49 daAuts
